 Dungeon Crawl Stone Soup version 0.30-a0-996-ga6910c8ee8 (webtiles) character file.

Game seed: 13948427397618543279

98 ytrimaz the Ruffian (level 4, 48/48 HPs)
             Began as a Troll Monk on Apr 5, 2023.
             Was an Initiate of Ashenzari.
             Quit the game on level 2 of the Dungeon.
             The game lasted 00:01:28 (1523 turns).

ytrimaz the Ruffian (Troll Monk)                    Turns: 1523, Time: 00:01:28

Health: 48/48      AC:  5    Str: 19    XL:     4   Next: 44%
Magic:  3/3        EV: 15    Int:  8    God:    Ashenzari [......]
Gold:   56         SH:  0    Dex: 12    Spells: 3/3 levels left

rFire   . . .      SeeInvis .      - Unarmed
rCold   . . .      Faith    .    (no shield)
rNeg    . . .      Spirit   .    a - +1 robe
rPois   .          Reflect  .    (helmet restricted)
rElec   .          Rampage  .    (no cloak)
rCorr   .                        (gloves unavailable)
Will    .....                    (boots unavailable)
Stlth   ++                       (no amulet)
HPRegen 1.08/turn                j - +5 ring of evasion
MPRegen 0.08/turn                (no ring)

@: no status effects
A: large, unfitting armour, claws 3, regeneration 1, shaggy fur 1, tough skin 1
a: Renounce Religion, Curse Item


You were on level 2 of the Dungeon.
You worshipped Ashenzari.
Ashenzari was noncommittal.
You visited 1 branch of the dungeon, and saw 2 of its levels.

You collected 56 gold pieces.


Innate Abilities, Weirdness & Mutations

You are too large for most types of armour.
You have claws for hands.
Your natural rate of healing is unusually fast.
You are covered in fur. (AC +1)
You have tough skin. (AC +1)


   Skills:
 * Level 3.8 Fighting
 - Level 2.4 Dodging
 - Level 1.0 Stealth
 + Level 3.9 Unarmed Combat


You had 3 spell levels left.
You didn't know any spells.
Your spell library contained the following spells:

 Spells                   Type           Power      Damage    Failure   Level
 Freeze                   Ice            0%         1d3       41%         1
 Frozen Ramparts          Ice            0%         1d1       78%         3
 Hailstorm                Conj/Ice       0%         3d3       78%         3

Inventory:

Armour
 a - a +1 robe (worn)
Jewellery
 g - an amulet of faith
   (You found it on level 1 of the Dungeon)
 j - a +5 ring of evasion (left claw)
   (You found it on level 2 of the Dungeon)
Scrolls
 d - 3 scrolls of teleportation
 h - a scroll of fog
Potions
 b - 2 potions of ambrosia
 c - 2 potions of might {unknown}
 e - 3 potions of heal wounds {unknown}
 f - a potion of lignification {unknown}
 i - 4 potions of mutation {unknown}
 k - a potion of berserk rage {unknown}
 l - a potion of attraction {unknown}
 m - a potion of resistance {unknown}

Dungeon Overview and Level Annotations

Branches:
Dungeon (2/15) Zot: 10484

Altars:
Ashenzari

### #<# #.# #.# #ยง#
########
#ยง#########.......
######
#@ยงยง........#####.
#....#
#################.
#....# #...........
#(.^.# #.##########
#....###### #.#
#.........# #.#
######..(.....# #.#
..............# #.#
#########.##### #.#


There were no monsters in sight!


Message History

An adder is nearby!
Unknown command.
You closely miss the adder. The adder misses you.
You scratch the adder. The adder bites you but does no damage.
The adder bites you. ๐Ÿ˜• HP[-1]
You take 1 damage, and now have 36/37 hp.
You closely miss the adder.
The adder closely misses you. ๐Ÿ˜Ž HP[+1]
Your hp is fully restored (37).
Unknown command.
You claw the adder!
You kill the adder!
You have reached level 4!
No target in view!
Key pressed, stopping explore.
Found a stone staircase leading up. ๐Ÿ˜Ž HP[+9] MP[+1]
You now have 46 max hp (+9).
Your hp is fully restored (46).
Your mp is fully restored (3).
There is a stone staircase leading down here.
Key pressed, stopping explore.
An endoplasm comes into view.
An endoplasm is nearby!
An endoplasm is nearby!
Jessica the Apprentice Sorceress comes into view.
She is wielding a +0 dagger.
Jessica shouts!
Jessica drinks a potion.
Jessica seems to speed up.
Jessica casts a spell at you. You resist with some effort.
Unknown command.
Jessica gestures wildly while chanting.
Jessica blinks!
The endoplasm barely misses you.
You see here a pink potion.
You scratch the endoplasm. The endoplasm misses you.
Jessica closely misses you.
Unknown command.
You scratch the endoplasm.
You kill the endoplasm!
A goblin comes into view. It is wielding a +0 club.
Jessica barely misses you.
The goblin shouts!
You claw Jessica!
Jessica hits you with a +0 dagger. ๐Ÿ˜• HP[-2]
You take 2 damage, and now have 44/46 hp.
Unknown command.
You scratch Jessica. Your claw misses Jessica.
Jessica gestures wildly while chanting.
Jessica blinks!
Jessica gestures at you while chanting.
You barely resist. ๐Ÿ˜• HP[+1] ๐Ÿ˜Ž HP[+1]
Your hp is fully restored (46).
Jessica misses you.
Unknown command.
You claw Jessica!
You kill Jessica! ๐Ÿ˜Ž HP[+2]
You now have 48 max hp (+2).
Your hp is fully restored (48).
The goblin hits you with a +0 club. ๐Ÿ˜• HP[-4]
You take 4 damage, and now have 44/48 hp.
You scratch the goblin.
You kill the goblin! ๐Ÿ˜• HP[+1]
You see here a +0 club. ๐Ÿ˜• HP[+1] ๐Ÿ˜• HP[+1] ๐Ÿ˜Ž HP[+1]
Your hp is fully restored (48).
There is a faded altar of an unknown god here.
This altar belongs to (a) Jiyva, (b) Ashenzari or (c) Makhleb, but you can't tell which.
Press the corresponding letter to learn more about a god, or press enter to convert or escape to cancel.
Ashenzari accepts your prayer! Ashenzari welcomes you!
Ashenzari invites you to partake of a vision and a curse of melee combat and beguiling.
Ashenzari warns you of distant threats and treasures.
Ashenzari reveals the structure of the dungeon to you.
Ashenzari shows you where magical portals lie.
Unknown command.
l - a pink potion You see here a +0 club.
Ashenzari invites you to partake of a vision and a curse of melee combat and evocations.
Key pressed, stopping explore.
Key pressed, stopping explore.
m - a grey potion
n - a scroll labelled WIZURI QEDEPUGI Key pressed, stopping explore.
Found a stone staircase leading up.
Unknown command.
Done exploring.
Done exploring.
Done exploring.
As you read the scroll labelled ROPHUI AL LOCE, it crumbles to dust.
The scroll dissolves into smoke.
It was a scroll of fog.
Unknown command.
As you read the scroll labelled WIZURI QEDEPUGI, it crumbles to dust.
You assume a fearsome visage.
Nothing appears to happen.
It was a scroll of fear.
Unknown command.
Are you sure you want to abandon this character and quit the game? (Confirm with "yes".)

Skill      XL: |  1  2 |
---------------+-------+-----
Fighting       | 3 |  3.8
Dodging        | |  2.4
Stealth        | |  1.0
Unarmed Combat | |  3.9

Action                     |  1- 3 |  4- 6 || total
---------------------------+-------+-------++-------
  Melee: Unarmed           |    89 |     6 ||    95
    Use: Scroll            |     4 |     2 ||     6
   Stab: Sleeping          |     2 |       ||     2
 Armour: Robe              |    21 |       ||    21
  Dodge: Dodged            |    38 |     5 ||    43

Levels and vault maps discovered:
D:1:      amcnicky_arrival_blooded_trapdoor, layout_loops_ring
D:2:      layout_basic, hellmonk_ecumenical_altar_lost_god, minmay_tetromino_o4,
          uniq_jessica

Notes
Turn   | Place    | Note
-------+----------+-------------------------------------------
     0 | D:1      | ytrimaz the Troll Monk began the quest for the Orb.
     0 | D:1      | Reached XP level 1. HP: 22/22 MP: 0/0
     0 | D:1      | magus.rc [v1.9.6]
    53 | D:1      | Reached XP level 2. HP: 28/29 MP: 1/1
    54 | D:1      | You pick up a book of Frost and begin reading...
    54 | D:1      | You add the spells Freeze, Frozen Ramparts and Hailstorm to
                  | your library.
   232 | D:1      | Reached skill level 3 in Fighting
   401 | D:1      | Reached XP level 3. HP: 37/37 MP: 2/2
  1235 | D:2      | Found a faded altar of an unknown god.
  1249 | D:2      | Reached XP level 4. HP: 46/46 MP: 3/3
  1335 | D:2      | Noticed Jessica
  1344 | D:2      | Killed Jessica
  1352 | D:2      | Prayed at the altar of an unknown god.
  1352 | D:2      | Became a worshipper of Ashenzari the Shackled
  1523 | D:2      | Quit the game

Vanquished Creatures
  Jessica (D:2)
  2 adders (D:2)
  A worm (D:2)
  A dart slug (D:2)
  2 bats
  10 endoplasms
  A giant cockroach (D:2)
  3 goblins
  5 hobgoblins
  5 jackals (D:1)
  5 kobolds
  A quokka (D:2)
  3 ball pythons
  3 rats (D:1)
43 creatures vanquished.

Table legend:
 A = Non-vault XP
 B = Vault XP
 C = Vault XP percentage of total XP
 D = Non-vault monster count
 E = Vault monster count
 F = Vault count percentage of total count
                 A         B        C        D         E       F
            +---------+---------+-------+---------+---------+-------
      Total |      89 |      52 |  36.9 |      40 |       3 |   7.0
            +---------+---------+-------+---------+---------+-------
        D:1 |      46 |       0 |   0.0 |      26 |       0 |   0.0
        D:2 |      43 |      52 |  54.7 |      14 |       3 |  17.6
            +---------+---------+-------+---------+---------+-------

Illustrated notes

Table legend:
 A = Kills in this place as a percentage of kills in the entire game.
 B = Kills by you in this place as a percentage of kills by you in the entire game.
 C = Kills by friends in this place as a percentage of kills by friends in the entire game.
 D = Other kills in this place as a percentage of other kills in the entire game.
 E = Experience gained in this place as a percentage of experience gained in the entire game.
 F = Experience gained in this place divided by the number of levels of this place that you have seen.
                   A       B       C       D       E      F
               +-------+-------+-------+-------+-------+----------------------
         Total | 100.0 | 100.0 |   N/A |   N/A | 100.0 |  70.5
       Dungeon | 100.0 | 100.0 |   N/A |   N/A | 100.0 |  70.5
               +-------+-------+-------+-------+-------+----------------------

Table legend: (Time is in decaauts)
 A = Elapsed time spent in this place.
 B = Non-inter-level travel time spent in this place.
 C = Inter-level travel time spent in this place.
 D = Time resting spent in this place.
 E = Time spent auto-exploring this place.
 F = Levels seen in this place.
 G = Mean time per level.
                   A        B        C        D        E       F      G
               +--------+--------+--------+--------+--------+-----+--------+
         Total |   1515 |   1483 |     32 |    100 |   1085 |   2 |  757.5 |
       Dungeon |   1515 |   1483 |     32 |    100 |   1085 |   2 |  757.5 |
               +--------+--------+--------+--------+--------+-----+--------+

Top non-repeatable levels by time:
     D:1: 798 daAuts
     D:2: 717 daAuts
